 Dungeon Crawl Stone Soup version 0.20.1-1-g8b1a95d (webtiles) character file.

3291 FutaSpam the Cleaver (level 10, -5/86 HPs)
             Began as a Hill Orc Fighter on Nov 8, 2017.
             Was a Believer of Trog.
             Slain by a hornet (11 damage)
             ... while paralysed by a hornet
             ... on level 7 of the Dungeon on Nov 9, 2017.
             The game lasted 00:36:58 (5225 turns).

FutaSpam the Cleaver (Hill Orc Fighter)             Turns: 5225, Time: 00:36:59

Health: -5/86      AC: 10    Str: 23      XL:     10   Next: 1%
Magic:  10/10      EV:  2    Int:  8      God:    Trog [**....]
Gold:   332        SH:  0    Dex:  9 (10) Spells: 9/9 levels left

rFire    . . .     SeeInvis .   v - +1 hand axe (flame)
rCold    . . .     Gourm    .   c - +0 shield
rNeg     . . .     Faith    .   b - +0 scale mail
rPois    .         Spirit   .   y - +0 hat
rElec    .         Reflect  .   (no cloak)
rCorr    .         Harm     .   (no gloves)
MR       ++...                  g - +1 pair of boots
Stlth    ..........             s - amulet of regeneration (curse)
Regen    1.7/turn               (no ring)
MPRegen  0.2/turn               (no ring)

@: paralysed, regenerating, slowed
A: no striking features
a: Berserk, Trog's Hand, Burn Spellbooks, Renounce Religion


You were on level 7 of the Dungeon.
You worshipped Trog.
Trog was pleased with you.
You were not hungry.

You visited 1 branch of the dungeon, and saw 7 of its levels.
You also visited: Sewer.

You collected 332 gold pieces.

Inventory:

Hand Weapons
 a - a +0 war axe
 v - a +1 hand axe of flaming (weapon)
Armour
 b - a +0 scale mail (worn)
 c - a +0 shield (worn)
 g - a +1 pair of boots (worn)
 y - a +0 hat (worn)
Jewellery
 s - a cursed amulet of regeneration (around neck)
 A - a +4 amulet of reflection
 B - an uncursed amulet of the gourmand {unknown}
Wands
 z - a wand of random effects (43/48)
Scrolls
 e - 3 scrolls of enchant weapon
 k - a scroll of immolation
 m - a scroll of remove curse {unknown}
 o - 4 scrolls of identify
 p - a scroll of magic mapping {unknown}
 C - a scroll of random uselessness {unknown}
 D - a scroll of teleportation {unknown}
Potions
 d - a potion of might
 t - a potion of curing
Comestibles
 f - 4 bread rations
 h - 4 meat rations


   Skills:
 + Level 7.5 Fighting
 + Level 11.2 Axes
 + Level 7.2 Armour
 + Level 2.7 Dodging
 + Level 0.5 Stealth
 + Level 7.4 Shields


You had 9 spell levels left.
You didn't know any spells.

Dungeon Overview and Level Annotations

Branches:
Dungeon (7/15)
 Temple: D:4-7

Altars:
Fedhas
Hepliaklqana
Makhleb
Okawaru
Ru
Trog
Vehumet
Yredelemnul

Annotations:
D:4 1 exclusion


Message History

* * * LOW HITPOINT WARNING * * *
You feel as though you will be slow longer.
You block the hornet's attack.
Your skin crawls.
You feel resistant to hostile enchantments.
You feel somewhat more hungry.
You feel sick. You block the hornet's attack.
The hornet stings you but does no damage.
You feel better. The hornet barely misses you. The hornet closely misses you.
The hornet stings you but does no damage.
You hit the hornet. You burn the hornet.
The hornet is moderately wounded.
You block the hornet's attack. The hornet stings you!
* * * LOW HITPOINT WARNING * * *
You suddenly lose the ability to move!
The hornet stings you but does no damage.
The hornet stings you.
* * * LOW HITPOINT WARNING * * *
You feel as though you will be slow longer.
The hornet stings you!
You die...

.....#...........#
.....#...........# .....
.....#...........# .....
.....#...........#......
....#########...##......
....##.....##...##......
....#...................
....#............y..(...
....#...........@.......
....#......##.).####.##.
....#......##...#
....#########......#
....# #....[.# ....#
#......# (...# #........
....# ########.. ....#
..


You could see a hornet.

Vanquished Creatures
  The ghost of Romulous the Cleaver, a novice MiFi of Okawaru (D:7)
  A human (D:4)
  A hungry ghost (D:7)
  3 eyes of draining (D:4)
  An ice beast (D:7)
  4 ogres
  2 centaurs
  8 big kobolds (Sewer)
  3 bullfrogs (D:6)
  A water moccasin zombie (D:5)
  A scorpion (D:5)
  A howler monkey (D:6)
  3 crimson imps
  A jelly (D:7)
  2 hounds (D:4)
  A gnoll shaman (D:5)
  2 orc wizards
  2 iguanas (D:6)
  A worker ant (D:4)
  A killer bee zombie (D:7)
  A hound skeleton (D:6)
  8 gnolls
  9 adders
  3 river rats
  2 shadow imps
  An ooze (Sewer)
  An adder skeleton (D:7)
  8 worms
  6 leopard geckos
  8 orcs
  8 bats
  3 giant cockroaches (D:6)
  8 goblins
  6 hobgoblins
  18 jackals
  A quokka (D:5)
  3 ball pythons (Sewer)
  4 frilled lizards
  2 jackal skeletons (D:4)
  10 kobolds
  A quokka skeleton (D:6)
  11 rats
162 creatures vanquished.

Notes
Turn   | Place    | Note
-------+----------+-------------------------------------------
     0 | D:1      | FutaSpam the Hill Orc Fighter began the quest for the Orb.
     0 | D:1      | Reached XP level 1. HP: 19/19 MP: 1/1
   112 | D:1      | Reached skill level 3 in Axes
   129 | D:1      | Reached XP level 2. HP: 25/27 MP: 2/2
   479 | D:2      | Reached XP level 3. HP: 33/33 MP: 3/3
   970 | D:2      | Reached XP level 4. HP: 35/40 MP: 4/4
  1105 | D:3      | Noticed an ogre
  1105 | D:3      | Reached skill level 4 in Axes
  1118 | D:3      | Killed an ogre
  1118 | D:3      | Reached skill level 1 in Dodging
  1118 | D:3      | Reached XP level 5. HP: 24/46 MP: 5/5
  1339 | D:3      | Found a radiant altar of Vehumet.
  1552 | D:3      | Found a sacrificial altar of Ru.
  1716 | D:4      | Noticed a human
  1728 | D:4      | Reached skill level 5 in Axes
  1744 | D:4      | Found a runed door.
  1764 | D:4      | Found a basalt altar of Yredelemnul.
  1790 | D:4      | Killed a human
  1790 | D:4      | Reached skill level 6 in Axes
  1790 | D:4      | Reached XP level 6. HP: 43/53 MP: 6/6
  2003 | D:4      | Reached XP level 7. HP: 52/60 MP: 7/7
  2129 | D:4      | Found a bloodstained altar of Trog.
  2144 | D:4      | Reached skill level 5 in Fighting
  2144 | D:4      | Reached skill level 5 in Shields
  2154 | D:4      | Reached skill level 5 in Armour
  2164 | D:4      | Became a worshipper of Trog the Wrathful
  2372 | D:4      | Reached skill level 7 in Axes
  2374 | D:4      | Found a blossoming altar of Fedhas.
  2376 | D:4      | Found a burning altar of Makhleb.
  2376 | D:4      | Found a hazy altar of Hepliaklqana.
  2478 | D:5      | Entered Level 5 of the Dungeon
  2484 | D:5      | Reached XP level 8. HP: 63/69 MP: 8/8
  2489 | D:5      | Reached skill level 8 in Axes
  2705 | D:5      | Found an iron altar of Okawaru.
  3364 | D:6      | Reached * piety under Trog
  3438 | D:6      | Reached skill level 9 in Axes
  3683 | D:6      | Reached XP level 9. HP: 73/78 MP: 9/9
  3793 | D:6      | Found a glowing drain.
  3797 | Sewer    | Entered a sewer
  4080 | Sewer    | Reached skill level 10 in Axes
  4150 | Sewer    | Reached ** piety under Trog
  4694 | D:7      | Noticed Romulous's ghost (novice MiFi)
  4902 | D:7      | Killed Romulous's ghost
  4902 | D:7      | Reached skill level 11 in Axes
  5196 | D:7      | Reached XP level 10. HP: 86/86 MP: 10/10
  5207 | D:7      | Paralysed by a hornet for 2 turns
  5217 | D:7      | Paralysed by a hornet for 1 turns
  5223 | D:7      | Paralysed by a hornet for 3 turns
  5225 | D:7      | Slain by a hornet

Skill      XL: |  1  2  3  4  5  6  7  8  9 |
---------------+----------------------------+-----
Axes           | 3 4 6 7 9 11 | 11.2
Fighting       | 4 5 6 7 |  7.5
Armour         | 4 5 7 |  7.2
Dodging        | 1 2 |  2.7
Shields        | 4 5 6 7 |  7.4
Stealth        | |  0.5

Action                   |  1- 3 |  4- 6 |  7- 9 | 10-12 || total
-------------------------+-------+-------+-------+-------++-------
Melee: War axe           |   176 |    84 |       |       ||   260
       Hand axe          |       |    48 |   583 |    14 ||   645
Invok: Trog's Hand       |       |       |     1 |     1 ||     2
       Berserk           |       |       |     1 |       ||     1
  Use: Scroll            |       |       |     6 |       ||     6
       Potion            |       |       |     7 |     1 ||     8
 Stab: Distracted        |       |     1 |       |       ||     1
  Eat: Chunk             |       |     4 |     8 |       ||    12
       Fruit             |       |       |     2 |       ||     2
       Royal jelly       |       |       |     2 |       ||     2
       Meat ration       |       |       |     1 |       ||     1
Armor: Scale mail        |    91 |    59 |   121 |     7 ||   278
       Skin              |       |       |     6 |       ||     6
Dodge: Dodged            |    75 |    35 |   118 |     6 ||   234
Block: Shield            |    99 |    70 |   217 |    10 ||   396
